 Dungeon Crawl Stone Soup version 0.32-a0-872-g59262bdc9b (webtiles) character file.

Game seed: 6083971027473100938

24070 gameguard the Fighter (level 12, -1/150 HPs)
             Began as a Demonspawn Gladiator on Mar 30, 2024.
             Was an Initiate of Gozag.
             Slain by an orc
             ... wielding a +2 trident of holy wrath
              (6 damage)
             ... on level 1 of the Orcish Mines.
             The game lasted 01:11:10 (20460 turns).

gameguard the Fighter (Demonspawn Gladiator)       Turns: 20460, Time: 01:11:11

Health: -1/150     AC: 26    Str: 18    XL:     12   Next: 77%
Magic:  12/12      EV:  2    Int: 10    God:    Gozag
Gold:   1276       SH:  0    Dex: 15    Spells: 11/11 levels left

rFire   + .          .
                       - Unarmed
rCold   + . .        (no shield)
rNeg    . . .        v - melded +5 scale mail of Hedonism {Dex+5}
rPois   +            (helmet currently unavailable)
rElec   +            (cloak currently unavailable)
rCorr   +            (gloves currently unavailable)
SInv    +            (boots currently unavailable)
Will    .....        (no amulet)
Stlth   ++           t - +5 ring of evasion
HPRegen 0.45/turn    A - ring of see invisible
MPRegen 0.26/turn

%: no passive effects
@: mighty, brilliant, tree-form, resistant, attractive, invisible
A: stationary, stasis, torment immunity, boosted hp, (horns 1), powered by pain
3, magic regeneration, (weakness stinger 2), (demonic touch 2)
a: Renounce Religion, Potion Petition, Call Merchant, Bribe Branch


You were on level 1 of the Orcish Mines.
You worshipped Gozag.
Gozag was most pleased with you.
You were a tree.
You visited 4 branches of the dungeon, and saw 16 of its levels.

You collected 2923 gold pieces.
You spent 399 gold pieces at shops.
You paid 1248 gold pieces to Gozag.

Inventory:

Hand Weapons
 a - a +1 dagger of venom
 b - a +0 war axe
Missiles
 d - 2 throwing nets {!f}
 e - 2 datura-tipped darts
 o - 4 curare-tipped darts
 y - a javelin (quivered)
Armour
 j - a +0 pair of gloves
 v - the +5 scale mail of Hedonism (melded) {Dex+5}
   (You bought it in a shop on level 1 of the Lair of Beasts)

   Dex+5:     It affects your dexterity (+5).
Jewellery
 r - a ring of protection from cold
 t - a +5 ring of evasion (left branch)
 A - a ring of see invisible (right branch)
 B - a +6 ring of dexterity
Talismans
 h - a dragon-blood talisman
 F - a blade talisman
Wands
 c - a wand of digging (8)
 i - a wand of iceblast (2)
 C - a wand of flame (15)
Scrolls
 f - 2 scrolls of poison
 k - 2 scrolls of teleportation
 l - 2 scrolls of silence
 m - 2 scrolls of immolation
 p - a scroll of fog
 q - 2 scrolls of butterflies
 u - 2 scrolls of vulnerability
Potions
 g - 3 potions of enlightenment
 n - 2 potions of might
 s - 2 potions of brilliance
 w - a potion of cancellation
 x - 2 potions of mutation
 D - a potion of lignification


   Skills:
 + Level 11.0 Fighting
 - Level 2.0 Short Blades
 - Level 3.1 Axes
 - Level 1.7 Throwing
 + Level 4.2 Armour
 + Level 5.4 Dodging
 - Level 2.0 Stealth
 * Level 9.6 Unarmed Combat
 - Level 7.6 Evocations
 + Level 9.7 Shapeshifting


You had 11 spell levels left.
You didn't know any spells.
Your spell library contained the following spells:

 Spells                   Type           Power      Damage    Failure   Level
 Magic Dart               Conj           0%         1d3       36%         1
 Sting                    Conj/Alch      0%         1d3       36%         1
 Summon Small Mammal      Summ           0%         N/A       36%         1
 Mercury Vapours          Alch/Air       0%         N/A       50%         2
 Searing Ray              Conj           0%         2d4       50%         2
 Call Canine Familiar     Summ           0%         N/A       75%         3
 Inner Flame              Hex/Fire       0%         N/A       75%         3
 Passwall                 Erth           0%         N/A       75%         3
 Volatile Blastmotes      Fire/Tloc      0%         2d10      75%         3
 Flame Wave               Conj/Fire      0%         2d4       98%         4
 Fulminant Prism          Conj/Alch      0%         3d5       98%         4
 Olgreb's Toxic Radiance  Alch           0%         N/A       98%         4
 Sticky Flame             Fire/Alch      0%         2d4       98%         4
 Summon Blazeheart Golem  Fire/Summ      0%         N/A       98%         4
 Vhi's Electric Charge    Tloc/Air       0%         N/A       98%         4
 Arcjolt                  Conj/Air       0%         1d10      100%        5
 Bombard                  Conj/Erth      0%         9d1       100%        6
 Plasma Beam              Fire/Air       0%         2x1d10    100%        6
 Malign Gateway           Summ/Tloc      0%         N/A       100%        7
 Summon Horrible Things   Summ           0%         N/A       100%        8


Dungeon Overview and Level Annotations

Branches:
Dungeon (11/15) Zot: 25618  Temple (1/1) D:6 Zot: 5998    Lair (3/5) D:8 Zot: 13446
  Swamp (0/4) Lair:2        Snake (0/4) Lair:2          Orc (1/2) D:9 Zot: 5695

Altars:
Ashenzari
Cheibriados
Dithmenos
Fedhas
Gozag
Hepliaklqana
Kikubaaqudgha
Makhleb
Nemelex Xobeh
Okawaru
Qazlal
Ru
Sif Muna
Trog
Uskayaw
Vehumet
Wu Jian
Xom
Yredelemnul
Beogh

Shops:
D:4 *   Lair:1 [

Portals:
Trove: D:10 (give 15 scrolls of teleportation)

Annotations:
D:8 3 runed translucent doors, bigdog255's ghost, novice MDFE
D:10 3 runed translucent doors, exclusion: 3 doors, Pooter's ghost, journeyman FeBe
Lair:1 exclusion: 2 oklob plants
Lair:2 3 runed translucent doors, Fractals's ghost, journeyman KoBr


Innate Abilities, Weirdness & Mutations

You are a tree.
Your roots penetrate the ground, keeping you stationary.
You cannot be teleported.
You are immune to unholy pain and torment.
Your maximum health is greatly increased.
Your equipment is partially melded.
((You have a pair of small horns on your head.))
You are powered by pain.
You regenerate magic rapidly.
((You have a tail ending in a sharp stinger.))
((Your touch may inflict irresistible damage on your foes.))


Message History

The +5 scale mail of Hedonism {Dex+5} melds into your body.
Your roots penetrate the ground.
The orc hits you but does no damage.
The orc priest closely misses your butterfly.
It was a potion of resistance.
You feel protected. The orc completely misses you.
The orc priest mumbles some strange prayers to Beogh against you.
Beogh smites you!
* * * LOW HITPOINT WARNING * * *
The orc warrior hits your butterfly with a +0 dire flail!
Your butterfly dies!
Your butterfly disappears in a burst of colours!
The troll bites your butterfly!
Your butterfly dies!
Your butterfly disappears in a burst of colours!
It was a potion of attraction.
You feel attractive to monsters.
The troll is no longer distracted by gold.
The orc hits you but does no damage. The orc priest misses your butterfly.
The troll bites your butterfly!
Your butterfly dies!
Your butterfly disappears in a burst of colours!
The orc warrior throws a boomerang.
The boomerang barely misses you. The troll bites your butterfly!!
Your butterfly dies!
Your butterfly disappears in a burst of colours!
The troll is attracted toward you. x2
The orc warrior is attracted toward you.
The orc priest is attracted toward you.
The orc warrior is attracted toward you.
Okay, then. [a] - 250 gold - resistance [b] - 200 gold - resistance [c] - 352 gold - might, brilliance and invisibility Purchase which effect?
You feel very mighty all of a sudden.
You feel clever all of a sudden.
You fade into invisibility!
The orc hits you with a +2 trident of holy wrath.
You die...
Your body crumbles into a pile of gold.

.....## #....o .h
####..#...##.... ###...
#....##...b... .#....
#....##.bb..# ##....#
#...#####bbb####....# ##.
##...##b#.bb.b##b..b###...
#......ooobTbb#b..........
###...ooo#oT.bbb.b#.......
##..b.#####♣.o.b#.......
####..#....###o..#§.......
##.....##...##.###...........
#....).# #o.#######..#####...
#.#...)####.....##.....#
#.... #
##..).#....#.####.o.###.....
##.......###o..###.o.......
##......##.....##.o.....#
##....#####...###.......#


You could see 2 trolls, 2 orc warriors, an orc priest (unable to see you, ally
target) and an orc (unable to see you, ally target).

Vanquished Creatures
  A hydra (Lair:2)
  A boulder beetle (D:11)
  2 two-headed ogres
  A skyshark (Lair:3)
  2 ugly things
  A manticore (D:11)
  A black mamba (Lair:3)
  2 elephants (Lair:2)
  4 cane toads (Lair:1)
  3 unseen horrors
  3 kobold demonologists (D:10)
  A yaktaur (D:10)
  3 rime drakes
  2 komodo dragons (Lair:1)
  A freezing wraith (D:10)
  A polar bear (Lair:3)
  9 blink frogs
  Grinder (D:5)
  Sigmund (D:5)
  2 shadows (D:11)
  A wraith (D:10)
  26 yaks
  A basilisk (Lair:2)
  A vampire mosquito (D:10)
  Menkaure (D:7)
  A steam dragon (D:8)
  The ghost of hecktor the Shooter, an amateur OpHu (D:3)
  A naga (Lair:2)
  11 water moccasins
  An ice beast (D:7)
  9 orc warriors
  3 sky beasts
  4 black bears
  8 wolves (Lair:2)
  2 ogres
  5 centaurs
  A phantom (D:5)
  14 bullfrogs
  A gnoll sergeant (D:5)
  5 kobold brigands
  9 wights
  A water moccasin zombie (D:3)
  A water moccasin skeleton (D:3)
  3 killer bees (D:9)
  4 howler monkeys
  2 centaur zombies (D:3)
  A jelly (D:4)
  2 hounds
  12 orc priests
  A gnoll bouda (D:4)
  A sleepcap (D:6)
  A hell rat (Lair:1)
  14 orc wizards
  An iguana (D:4)
  12 gnolls
  7 adders
  2 ufetubi (D:6)
  6 dart slugs
  3 ribbon worms
  56 orcs
  8 ball pythons
  2 bats (D:3)
  5 endoplasms
  6 giant cockroaches
  11 hobgoblins
  31 kobolds
  5 quokkas
  6 frilled lizards
  5 goblins
  4 rats
361 creatures vanquished.

Vanquished Creatures (collateral kills)
  2 gnolls (D:5)
2 creatures vanquished.

Vanquished Creatures (others)
  A gnoll (D:5)
1 creature vanquished.

Grand Total: 364 creatures vanquished

Notes
Turn   | Place    | Note
-------+----------+-------------------------------------------
     0 | D:1      | gameguard the Demonspawn Gladiator began the quest for the
                  | Orb.
     0 | D:1      | Reached XP level 1. HP: 16/16 MP: 1/1
   371 | D:1      | Gained mutation: You regenerate magic rapidly. [demonic
                  | ancestry]
   371 | D:1      | Reached XP level 2. HP: 12/23 MP: 2/2
  1139 | D:2      | Discovered your monstrous ancestry.
  1139 | D:2      | Gained mutation: Your touch may inflict minor irresistible
                  | damage on your foes. [demonic ancestry]
  1139 | D:2      | Reached XP level 3. HP: 28/28 MP: 3/3
  1280 | D:2      | Reached skill level 1 in Armour
  1983 | D:3      | Reached skill level 1 in Short Blades
  2005 | D:3      | Reached skill level 3 in Fighting
  2005 | D:3      | Reached XP level 4. HP: 35/35 MP: 4/4
  2032 | D:3      | Found a runed translucent gate.
  2032 | D:3      | Found a runed translucent gate.
  2197 | D:3      | Found a runed translucent gate.
  2199 | D:3      | Noticed hecktor's ghost (amateur OpHu)
  2253 | D:3      | Reached skill level 1 in Unarmed Combat
  2529 | D:3      | Found a hide-covered altar of Uskayaw.
  2737 | D:3      | Reached XP level 5. HP: 41/41 MP: 5/5
  3232 | D:3      | Reached skill level 4 in Fighting
  3232 | D:3      | Gained mutation: You sometimes gain a little power by
                  | taking damage. [demonic ancestry]
  3232 | D:3      | Reached XP level 6. HP: 33/48 MP: 6/6
  4271 | D:4      | Found a radiant altar of Vehumet.
  4271 | D:4      | Found a sparkling altar of Nemelex Xobeh.
  4491 | D:4      | Found Norufob's Serpentskin Sales.
  4508 | D:4      | Bought 4 curare-tipped darts for 48 gold pieces
  5018 | D:5      | Entered Level 5 of the Dungeon
  5018 | D:5      | Noticed Grinder
  5264 | D:6      | Gained mutation: You have a small tail. [demonic ancestry]
  5264 | D:6      | Reached XP level 7. HP: 37/55 MP: 7/7
  5376 | D:5      | Reached skill level 5 in Fighting
  5376 | D:5      | Reached skill level 1 in Stealth
  5376 | D:5      | Reached skill level 1 in Shapeshifting
  5705 | D:5      | Paralysed by Grinder for 2 turns
  5718 | D:5      | Killed Grinder
  5793 | D:5      | Gained mutation: Your touch may inflict irresistible damage
                  | on your foes. [demonic ancestry]
  5793 | D:5      | Reached XP level 8. HP: 64/64 MP: 8/8
  5947 | D:5      | Noticed Sigmund
  5957 | D:5      | Killed Sigmund
  5958 | D:5      | Reached skill level 6 in Fighting
  6101 | D:5      | Found a shimmering blue altar of Sif Muna.
  6122 | D:5      | Found an opulent altar of Gozag.
  6156 | D:5      | Became a worshipper of Gozag Ym Sagoz the Greedy
  6223 | D:5      | Found an ornate altar of the Wu Jian Council.
  6382 | D:5      | Found a burning altar of Makhleb.
  6384 | D:5      | Noticed a green death
  6804 | D:6      | Found a staircase to the Ecumenical Temple.
  6833 | D:6      | Identified the +0 robe of Liberalism {rElec rPois rCorr
                  | Str-2}
  6862 | D:6      | Reached skill level 5 in Unarmed Combat
  7385 | Temple   | Entered the Ecumenical Temple
  7768 | D:4      | Reached skill level 1 in Evocations
  7916 | D:3      | Killed hecktor's ghost
  7917 | D:3      | Reached skill level 7 in Fighting
  7929 | D:3      | Gained mutation: You sometimes gain power by taking damage.
                  | [demonic ancestry]
  7929 | D:3      | Reached XP level 9. HP: 65/72 MP: 9/9
  8412 | D:7      | Found a basalt altar of Yredelemnul.
  8412 | D:7      | Noticed Menkaure
  8429 | D:7      | Killed Menkaure
  9048 | D:7      | Noticed an angel
  9173 | D:7      | Reached skill level 8 in Fighting
  9173 | D:7      | Reached skill level 5 in Shapeshifting
  9501 | D:8      | Found a staircase to the Lair.
  9560 | D:8      | Found a runed translucent gate.
  9560 | D:8      | Found a runed translucent gate.
  9560 | D:8      | Found a runed translucent gate.
  9563 | D:8      | Noticed bigdog255's ghost (novice MDFE)
  9756 | D:8      | Gained mutation: You have a tail ending in a sharp stinger.
                  | [demonic ancestry]
  9756 | D:8      | Reached XP level 10. HP: 70/80 MP: 10/10
  9944 | D:8      | Reached skill level 5 in Evocations
 10674 | D:9      | Noticed a two-headed ogre
 10681 | D:9      | Killed a two-headed ogre
 10799 | D:9      | Reached skill level 9 in Fighting
 11704 | D:9      | Gained mutation: You have a pair of small horns on your
                  | head. [demonic ancestry]
 11704 | D:9      | Reached XP level 11. HP: 54/89 MP: 11/11
 11901 | D:10     | Entered Level 10 of the Dungeon
 12013 | D:10     | Noticed a two-headed ogre
 12172 | D:10     | Found a portal to a secret trove of treasure.
 12319 | D:10     | Noticed a sixfirhy
 12562 | D:10     | Noticed a brown ugly thing
 12571 | D:10     | Killed a brown ugly thing
 12806 | D:10     | Found a runed translucent gate.
 12806 | D:10     | Found a runed translucent gate.
 12807 | D:10     | Noticed Pooter's ghost (journeyman FeBe)
 12810 | D:10     | Found a runed translucent gate.
 12816 | D:10     | Found a roughly hewn altar of Beogh.
 12816 | D:10     | Identified the +0 chain mail of Atheism {rPois Str+5 Int-5
                  | Slay+4}
 12816 | D:10     | Found the +0 pair of fencer's gloves {Riposte Dex+3}
 12816 | D:10     | Found the +2 hood of the Assassin {Detect Stab+ Stlth++}
 12823 | D:10     | Upgraded the game from 0.32-a0-871-ge202e49faa to
                  | 0.32-a0-872-g59262bdc9b
 13313 | Lair:1   | Entered Level 1 of the Lair of Beasts
 14020 | Lair:1   | Reached skill level 10 in Fighting
 14374 | Lair:1   | Bought a jewelled scale mail for 351 gold pieces
 14374 | Lair:1   | Identified the +5 scale mail of Hedonism {Dex+5} (You
                  | bought it in a shop on level 1 of the Lair of Beasts)
 14858 | Lair:1   | Identified a scroll of acquirement
 14858 | Lair:1   | Acquired a dragon-blood talisman
 15542 | Lair:1   | Noticed an oklob plant
 15542 | Lair:1   | Noticed an oklob plant
 15941 | Lair:2   | Found a runed translucent gate.
 15941 | Lair:2   | Found a runed translucent gate.
 15941 | Lair:2   | Found a runed translucent gate.
 15941 | Lair:2   | Noticed Fractals's ghost (journeyman KoBr)
 15989 | Lair:2   | Found a staircase to the Snake Pit.
 16007 | Lair:2   | HP: 3/90 [constriction (3)]
 16717 | Lair:2   | Gained mutation: You are powered by pain. [demonic
                  | ancestry]
 16717 | Lair:2   | Reached XP level 12. HP: 83/97 MP: 12/12
 16943 | Lair:2   | Found a staircase to the Swamp.
 17321 | Lair:2   | Noticed a six-headed hydra
 17331 | Lair:2   | Killed a six-headed hydra
 17415 | Lair:3   | Noticed a death yak
 17415 | Lair:3   | Noticed a death yak
 17415 | Lair:3   | Noticed a death yak
 17415 | Lair:3   | Noticed a death yak
 17415 | Lair:3   | Noticed a death yak
 17415 | Lair:3   | Noticed a death yak
 17663 | Lair:3   | Reached skill level 5 in Dodging
 18072 | Lair:3   | Noticed an eight-headed hydra
 18175 | D:9      | Found a staircase to the Orcish Mines.
 18316 | D:10     | Killed a two-headed ogre
 18557 | D:10     | Found a stormy altar of Qazlal.
 19170 | D:11     | Noticed a boulder beetle
 19269 | D:11     | Killed a boulder beetle
 19621 | D:11     | Identified the +6 rapier of the Eternal Warrior {pain,
                  | ^Drain rF- Str+8 Int+3}
 20150 | Orc:1    | Entered Level 1 of the Orcish Mines
 20404 | Orc:1    | Reached skill level 11 in Fighting
 20458 | Orc:1    | HP: 4/150 [orc priest/divine providence (13)]
 20460 | Orc:1    | Slain by an orc

Illustrated notes

Levels and vault maps discovered:
D:1:      dpeg_arrival_connections, layout_basic, minmay_misc_feat_hallway
D:2:      layout_loops_cross
D:3:      layout_basic, mainiacjoe_overflow_chevrons, gammafunk_ghost_necromancy
D:4:      layout_loops_ring, jmf_multi_god_temple, guppyfry_shop_venom
D:5:      layout_basic, makhleb_altar_promises_db,
          mainiacjoe_overflow_six_doors_small, jmf_multi_god_temple2,
          lightli_minifort, uniq_grinder, uniq_sigmund
D:6:      layout_gridville, minmay_temple_entry_antechambers,
          lightli_orcish_oven
D:7:      layout_cave_pools, zin_angel, lemuel_crystal_altar, minivault_19,
          uniq_menkaure
D:8:      layout_cave_pools, dpeg_oklobed_lair, gammafunk_ghost_nasty_kobolds
D:9:      layout_loops_cross, orc_0_dummy, grunt_ministairs_12
D:10:     layout_rooms, lemuel_coloured_pillars_altar,
          biasface_ghost_orc_armoury, enter_trove_0, kb_rosetta
D:11:     layout_loops_corners
Temple:   chequers_temple_sunken
Lair:1:   minmay_lair_oklob_chamber, layout_gridlike, grunt_megastairs_5
Lair:2:   layout_hall_layers, swamp_mist, guppyfry_snake_entry_garden,
          ebering_ghost_rock_garden
Lair:3:   layout_misc_corridors, dreamdust_wasp_nest, grunt_megastairs_4
Orc:1:    layout_diamond_mine, basic_altar

Skill      XL: |  1  2  3  4  5  6  7  8  9 10 11 12 |
---------------+-------------------------------------+-----
Axes           | 3 |  3.1
Armour         | 1 2 4 |  4.2
Short Blades   | 1 2 |  2.0
Fighting       | 3 4 5 7 8 9 10 11 | 11.0
Unarmed Combat | 1 2 3 4 5 6 8 9 |  9.6
Stealth        | 2 |  2.0
Shapeshifting  | 2 3 5 6 8 9 |  9.7
Evocations     | 1 4 6 7 |  7.6
Dodging        | 3 4 5 |  5.4
Throwing       | |  1.7

Action                     |  1- 3 |  4- 6 |  7- 9 | 10-12 || total
---------------------------+-------+-------+-------+-------++-------
  Melee: War axe           |    43 |       |       |       ||    43
         Dagger            |    55 |   202 |   158 |       ||   415
         Touch             |     9 |    36 |    74 |   119 ||   238
         Tailslap          |       |       |    46 |   104 ||   150
         Unarmed           |       |       |   139 |   582 ||   721
         Punch             |       |       |     5 |    29 ||    34
         Headbutt          |       |       |       |    97 ||    97
  Throw: Javelin           |     1 |     4 |       |       ||     5
         Throwing net      |       |     2 |     3 |       ||     5
         Dart              |       |       |     2 |    10 ||    12
 Invoke: Call Merchant     |       |       |       |     1 ||     1
         Potion Petition   |       |       |       |     1 ||     1
Ability: Begin Untransform |       |       |       |     4 ||     4
  Evoke: Wand              |       |       |     1 |    17 ||    18
    Use: Scroll            |     6 |     4 |     2 |    11 ||    23
         Potion            |     1 |       |     2 |     9 ||    12
   Stab: Distracted        |       |       |       |     2 ||     2
         Invisible         |       |       |       |     1 ||     1
 Armour: Ring mail         |     6 |       |       |       ||     6
         Chain mail        |    65 |   158 |   276 |   160 ||   659
         Scale mail        |       |       |       |   243 ||   243
         Skin              |       |       |       |     3 ||     3
  Dodge: Dodged            |    40 |    57 |   219 |   399 ||   715
   Form: Blade             |       |       |       |     3 ||     3
         Maw               |       |       |       |     1 ||     1

Table legend: (Time is in decaauts)
 A = Elapsed time spent in this place.
 B = Non-inter-level travel time spent in this place.
 C = Inter-level travel time spent in this place.
 D = Time resting spent in this place.
 E = Time spent auto-exploring this place.
 F = Levels seen in this place.
 G = Mean time per level.
                   A        B        C        D        E       F      G
               +--------+--------+--------+--------+--------+-----+--------+
         Total |  20360 |  19143 |   1217 |   4479 |   7465 |  16 | 1272.5 |
       Dungeon |  15502 |  14412 |   1090 |   2898 |   6231 |  11 | 1409.3 |
        Temple |      1 |      1 |      0 |      0 |      0 |   1 |    1.0 |
          Lair |   4553 |   4426 |    127 |   1510 |   1195 |   3 | 1517.7 |
  Orcish Mines |    303 |    303 |      0 |     70 |     39 |   1 |  303.0 |
               +--------+--------+--------+--------+--------+-----+--------+

Top non-repeatable levels by time:
  Lair:1: 2832 daAuts
     D:3: 1840 daAuts
    D:10: 1755 daAuts
     D:5: 1714 daAuts
     D:9: 1606 daAuts
     D:4: 1491 daAuts
  Lair:2: 1422 daAuts
     D:8: 1337 daAuts
     D:6: 1256 daAuts
    D:11: 1235 daAuts
     D:7: 1230 daAuts
     D:1: 1113 daAuts
     D:2: 920 daAuts
   Orc:1: 303 daAuts
  Lair:3: 299 daAuts
